 Dungeon Crawl Stone Soup version 0.21.1-1-g345015fe64 (webtiles) character file.

201 Peloso the Covered (level 5, 0/47 HPs)
             Began as a Minotaur Fighter on Feb 9, 2018.
             Succumbed to a scorpion's poison
             ... on level 4 of the Dungeon.
             The game lasted 00:05:06 (2204 turns).

Peloso the Covered (Minotaur Fighter)               Turns: 2204, Time: 00:05:07

Health: 0/47       AC:  9    Str: 19 (20) XL:     5   Next: 50%
Magic:  4/4        EV:  5    Int:  3 (5)  God:
Gold:   201        SH: 10    Dex:  9 (11) Spells: 4/4 levels left

rFire    . . .     SeeInvis .   p - -1 whip (curse)
rCold    . . .     Gourm    +   c - +1 shield
rNeg     . . .     Faith    .   b - +0 chain mail (curse)
rPois    .         Spirit   .   (helmet restricted)
rElec    .         Reflect  .   (no cloak)
rCorr    .         Harm     .   (no gloves)
MR       .....                  (no boots)
Stlth    ..........             k - amulet of the gourmand
HPRegen  0.15/turn              t - +2 ring of slaying (curse)
MPRegen  0.09/turn              (no ring)

@: lethally poisoned (0 -> -12)
A: retaliatory headbutt, horns 2
a: no special abilities


You were on level 4 of the Dungeon.
You were full.

You visited 1 branch of the dungeon, and saw 4 of its levels.

You collected 201 gold pieces.

Inventory:

Hand Weapons
 a - a +1 long sword
 p - a cursed -1 whip (weapon)
Armour
 b - a cursed +0 chain mail (worn)
 c - a +1 shield (worn)
Jewellery
 k - an amulet of the gourmand (around neck)
 t - a cursed +2 ring of slaying (left hand)
Scrolls
 i - 2 scrolls of teleportation
 o - a scroll of fear
Potions
 d - a potion of might
 g - 2 potions of agility
 h - a potion of magic
 l - 2 potions of invisibility
Comestibles
 f - 6 rations


   Skills:
 + Level 4.5 Fighting
 + Level 4.5 Long Blades
 + Level 0.3 Maces & Flails
 + Level 4.9 Armour
 + Level 0.1 Dodging
 + Level 0.1 Stealth
 + Level 4.5 Shields


You had 4 spell levels left.
You didn't know any spells.

Dungeon Overview and Level Annotations

Branches:
Dungeon (4/15)             Temple (0/1) D:4

Altars:


Innate Abilities, Weirdness & Mutations

You reflexively headbutt those who attack you in melee.
You have a pair of horns on your head.


Message History

You block the scorpion's attack.
You hit the scorpion.
You kill the scorpion!
* * * LOW HITPOINT WARNING * * *
You feel sick.
* * * LOW HITPOINT WARNING * * *
You feel sick.
You see here a scorpion corpse.
It was a potion of degeneration.
There was something very wrong with that liquid.
You feel weakened.
You feel dopey.
You feel clumsy.
You hear the slow hiss of a very distant avalanche of sand.
* * * LOW HITPOINT WARNING * * *
You feel sick.
Okay, then.
Your magic is already full.
Okay, then.
* * * LOW HITPOINT WARNING * * *
You feel sick.
You die...

............#
###+###......#
#.....#......#
########(###.#....###
.......+.#>#.'.#+##
.......#.#+#.#........
.......#.....#........
.......###'###........
.......†.@...#........
.............#........
.............#........
.............#........
.............#
########......#
#......# #......#


There were no monsters in sight!

Vanquished Creatures
  A scorpion (D:4)
  Jessica (D:2)
  5 adders
  An ooze (D:3)
  An adder skeleton (D:3)
  A worm (D:3)
  2 dart slugs
  2 leopard geckos
  7 orcs (D:3)
  A ball python (D:3)
  3 giant cockroaches
  6 hobgoblins
  3 jackals (D:1)
  4 bats
  4 frilled lizards
  4 goblins
  7 kobolds
  5 rats
  2 bushes (D:1)
60 creatures vanquished.

Notes
Turn   | Place    | Note
-------+----------+-------------------------------------------
     0 | D:1      | Peloso the Minotaur Fighter began the quest for the Orb.
     0 | D:1      | Reached XP level 1. HP: 19/19 MP: 0/0
   256 | D:1      | Reached XP level 2. HP: 22/27 MP: 1/1
   937 | D:2      | Noticed Jessica
   940 | D:2      | Killed Jessica
   940 | D:2      | Reached XP level 3. HP: 30/33 MP: 2/2
  1031 | D:2      | Reached XP level 4. HP: 25/40 MP: 3/3
  2017 | D:3      | Reached XP level 5. HP: 36/47 MP: 4/4
  2176 | D:4      | Found a staircase to the Ecumenical Temple.
  2203 | D:4      | HP: 2/47 [poisoned by a scorpion]
  2204 | D:4      | Succumbed to a scorpion's poison

Skill      XL: |  1  2  3  4 |
---------------+-------------+-----
Fighting       | 4 |  4.5
Long Blades    | 3 4 |  4.5
Armour         | 4 |  4.9
Shields        | 4 |  4.5
Maces & Flails | |  0.3
Dodging        | |  0.1
Stealth        | |  0.1

Action                   |  1- 3 |  4- 6 || total
-------------------------+-------+-------++-------
Melee: Long sword        |   168 |    58 ||   226
       Headbutt          |    61 |    13 ||    74
       Whip              |       |    24 ||    24
  Use: Scroll            |       |    10 ||    10
       Potion            |       |     1 ||     1
  Eat: Chunk             |     1 |    13 ||    14
Armor: Chain mail        |    29 |    23 ||    52
Dodge: Dodged            |    13 |    19 ||    32
Block: Shield            |    35 |    41 ||    76
       Rpst.: Long sword |     3 |     4 ||     7
